 Dungeon Crawl Stone Soup version 0.17.0-26-gececa24 (console) character file.

252 jw the Cutter (level 6, -2/43 HPs)
             Began as an Octopode Berserker on Nov 20, 2015.
             Was a Priest of Trog.
             Slain by a big kobold
             ... wielding a +0 club
              (7 damage)
             ... on level 3 of the Dungeon.
             The game lasted 00:10:05 (3424 turns).

jw the Cutter (Octopode Berserker)                  Turns: 3424, Time: 00:10:06

Health: -2/43      AC:  1    Str: 16    XL:     6   Next: 14%
Magic:  6/6        EV: 13    Int: 10    God:    Trog [***...]
Gold:   168        SH:  0    Dex: 13    Spells: 0 memorised, 5 levels left

rFire  . . .     SeeInvis .     b - +2 dagger (vamp)
rCold  . . .     Clarity  .     (no shield)
rNeg   . . .     SustAt   .     (helmet restricted)
rPois  .         Gourm    .     (no amulet)
rElec  .         Spirit   .     (no ring)
rCorr  .         Warding  .     (no ring)
rMut   .         Stasis   .     (no ring)
MR     .....                    (no ring)
Stlth  ++++......               (no ring)
                                (no ring)
                                (no ring)
                                (no ring)

@: not resistant to hostile enchantments, stealthy
A: almost no armour, amphibious, 8 rings, constrict 8, camouflage 1, gelatinous
body 1
a: Berserk, Trog's Hand, Burn Spellbooks, Renounce Religion


You were on level 3 of the Dungeon.
You worshipped Trog.
Trog was most pleased with you.
You were not hungry.

You visited 1 branch of the dungeon, and saw 3 of its levels.

You collected 168 gold pieces.

Inventory:

Hand Weapons
 b - a +2 vampiric dagger (weapon)
Missiles
 a - 2 tomahawks (quivered)
 g - 189 stones
 i - 29 poisoned needles
Scrolls
 c - a scroll of enchant weapon {unknown}
 e - 2 scrolls of identify
Potions
 k - a potion of flight
Comestibles
 d - 2 bread rations
 f - a meat ration
 l - a slice of pizza


   Skills:
 + Level 3.7 Fighting
 * Level 4.3 Short Blades
 + Level 1.9 Throwing
 + Level 3.7 Dodging
 * Level 4.2 Stealth


You had 5 spell levels left.
You didn't know any spells.

Dungeon Overview and Level Annotations

Branches:
Dungeon (3/15)

Altars:
Qazlal


Innate Abilities, Weirdness & Mutations

You cannot wear most types of armour.
You are amphibious.
You can wear up to eight rings at the same time.
You can use your tentacles to constrict eight enemies at once.
Your skin changes colour to match your surroundings (Stealth).
Your rubbery body absorbs attacks (AC +1).


Message History

The big kobold is moderately wounded.
The kobold misses you. The kobold closely misses you.
The big kobold hits you with a club.
MOVING TO (1,-2)
The big kobold misses you.
MOVING TO (1,-1) MOVING TO (4,0)
The kobold hits you with a club.
MOVING TO (3,0) MOVING TO (2,0) MOVING TO (1,0) MOVING TO (4,2) MOVING TO (3,1) MOVING TO (2,1) MOVING TO (1,1) MOVING TO (-7,-1)
The kobold hits you with a club.
MOVING TO (-6,-2)
The big kobold hits you with a club!
You die...

##### ######
########...# .....##
##......#...#
).....###.......#...#
.......#........##(#
.......#........K..#
......%'........KK.#
.))....#........x..#
.......#........##+#
.)....###.......#
.....## ##......#
###### ########


You could see a big kobold and 2 kobolds.

Table legend:
 A = Turns spent in this place as a percentage of turns spent in the entire game.
 B = Non-inter-level travel turns spent in this place as a percentage of non-inter-level travel turns spent in the entire game.
 C = Inter-level travel turns spent in this place as a percentage of turns spent in this place.
 D = Turns resting spent in this place as a percentage of non-inter-level travel turns spent in this place.
 E = Turns spent auto-exploring this place as a percentage of non-inter-level travel turns spent in this place.
 F = Non-inter-level travel turns spent in this place divided by the number of levels of this place that you've seen.
                   A       B       C       D       E      F
               +-------+-------+-------+-------+-------+----------------------
         Total | 100.0 | 100.0 |   0.3 |   1.0 |   2.7 | 1666.3
       Dungeon | 100.0 | 100.0 |   0.3 |   1.0 |   2.7 | 1666.3
               +-------+-------+-------+-------+-------+----------------------

Table legend:
 A = Kills in this place as a percentage of kills in entire the game.
 B = Kills by you in this place as a percentage of kills by you in the entire game.
 C = Kills by friends in this place as a percentage of kills by friends in the entire game.
 D = Other kills in this place as a percentage of other kills in the entire game.
 E = Experience gained in this place as a percentage of experience gained in the entire game.
 F = Experience gained in this place divided by the number of levels of this place that you have seen.
                   A       B       C       D       E      F
               +-------+-------+-------+-------+-------+----------------------
         Total | 100.0 | 100.0 |  -nan |  -nan | 100.0 | 120.3
       Dungeon | 100.0 | 100.0 |  -nan |  -nan | 100.0 | 120.3
               +-------+-------+-------+-------+-------+----------------------

Vanquished Creatures
  A big kobold (D:3)
  An orc priest (D:3)
  Ijyb (D:3)
  An orc wizard (D:3)
  3 adders (D:2)
  2 giant geckos
  3 orcs (D:3)
  2 giant cockroaches
  7 goblins
  8 hobgoblins
  9 jackals
  A quokka (D:3)
  2 ball pythons (D:1)
  7 bats
  A giant newt (D:1)
  23 kobolds
  5 rats (D:1)
77 creatures vanquished.

Notes
Turn   | Place    | Note
--------------------------------------------------------------
     0 | D:1      | jw the Octopode Berserker began the quest for the Orb.
     0 | D:1      | Reached XP level 1. HP: 16/16 MP: 1/1
   201 | D:1      | Reached XP level 2. HP: 15/21 MP: 2/2
   382 | D:1      | Reached skill level 1 in Stealth
   578 | D:1      | Reached skill level 1 in Throwing
   852 | D:1      | Reached XP level 3. HP: 26/26 MP: 3/3
   951 | D:1      | Reached ** piety under Trog
  1685 | D:2      | Found a stormy altar of Qazlal.
  1767 | D:2      | Reached XP level 4. HP: 25/31 MP: 4/4
  2349 | D:3      | HP: 1/31 [orc/dagger of flaming (2)]
  2354 | D:3      | Reached XP level 5. HP: 2/36 MP: 5/5
  2360 | D:3      | Reached skill level 4 in Short Blades
  2676 | D:3      | Noticed Ijyb
  2687 | D:3      | Killed Ijyb
  3165 | D:3      | Reached *** piety under Trog
  3223 | D:3      | Noticed a big kobold
  3237 | D:3      | Killed a big kobold
  3237 | D:3      | Reached XP level 6. HP: 39/43 MP: 6/6
  3367 | D:3      | Noticed a big kobold
  3424 | D:3      | Slain by a big kobold

Action                   |  1- 3 |  4- 6 || total
-------------------------+-------+-------++-------
Melee: Short sword       |    95 |    35 ||   130
       Dagger            |       |    50 ||    50
Throw: Stone             |    31 |    24 ||    55
       Tomahawk          |       |     9 ||     9
Invok: Berserk           |     1 |       ||     1
       Trog's Hand       |       |     2 ||     2
  Use: Potion            |     5 |     1 ||     6
       Scroll            |     4 |     4 ||     8
 Stab: Sleeping          |     8 |     5 ||    13
  Eat: Chunk             |     3 |     3 ||     6
       Beef jerky        |       |     2 ||     2
       Bread ration      |       |     1 ||     1

Vault maps used:
D:1:      saegor_arrival_simple_c, minivault_27
D:2:      grunt_qazlal_clouds
D:3:      minmay_goblin_kobold_castle, uniq_iyjb
